 Dungeon Crawl Stone Soup version 0.26-a0-854-gdc81c2f (webtiles) character file.

Game seed: 7770394847147017948

5746 lyrin the Ripper (level 10, -14/41 HPs)
             Began as a Felid Transmuter on Nov 22, 2020.
             Was an Elder of Wu Jian.
             Killed from afar by a wizard (41 damage)
             ... with a crystal spear
             ... on level 13 of the Dungeon.
             The game lasted 00:29:13 (20038 turns).

lyrin the Ripper (Felid Transmuter)                Turns: 20038, Time: 00:29:14

Health: -14/41     AC:  6    Str: 15    XL:     10   Next: 49%
Magic:  14/14      EV: 25    Int: 14    God:    Wu Jian [****..]
Gold:   954        SH:  0    Dex: 18    Spells: 7/13 levels left
                                        Lives:  0   Deaths: 3

rFire    . . .     SeeInvis +     - Unarmed
rCold    . . .     Faith    .   (shield unavailable)
rNeg     . . .     Spirit   .   (armour unavailable)
rPois    .         Reflect  .   (helmet unavailable)
rElec    .         Harm     .   (cloak unavailable)
rCorr    .         Rampage  .   (gloves unavailable)
MR       +....                  (boots unavailable)
Stlth    +++++.....             n - amulet of the acrobat
HPRegen  0.13/turn              s - +4 ring of protection
MPRegen  0.14/turn              H - +6 ring of strength

@: quick
A: very small, no armour, no weapons or thrown items, stealth, claws 1, fangs 3,
see invisible, speed 1, shaggy fur 2, sharp paws
a: Wall Jump, Serpent's Lash, Renounce Religion


You were on level 13 of the Dungeon.
You worshipped Wu Jian.
Wu Jian was greatly pleased with you.
You visited 2 branches of the dungeon, and saw 15 of its levels.
You also visited: Bailey.

You collected 954 gold pieces.

Inventory:

Armour
 A - the +3 scale mail of Bog Qoro {Stlth+, unknown}
   (You found it in a bailey)

   It makes you more stealthy.
Jewellery
 c - an uncursed ring of stealth
 n - an amulet of the acrobat (around neck)
 s - a +4 ring of protection (left paw)
 H - a +6 ring of strength (right paw)
 I - an uncursed ring of wizardry
Wands
 b - a wand of disintegration (31)
 l - a wand of polymorph (9)
 t - a wand of random effects (37)
 x - a wand of flame (12)
 y - a wand of digging (9)
 G - a wand of iceblast (16)
Scrolls
 d - 3 scrolls of amnesia
 g - 4 scrolls of teleportation
 h - 7 scrolls of remove curse
 j - 3 scrolls of identify
 p - 3 scrolls of fog
 r - 4 scrolls of enchant weapon {unknown}
 u - 3 scrolls of immolation {unknown}
 B - a scroll of acquirement {unknown}
 E - a scroll of torment {unknown}
 K - a scroll of blinking {unknown}
Potions
 a - 4 potions of attraction
 e - 5 potions of heal wounds
 f - 2 potions of might
 i - a potion of resistance
 k - 8 potions of curing
 m - 2 potions of flight
 o - 3 potions of brilliance
 q - 2 potions of experience {unknown}
 v - 3 potions of lignification {unknown}
 w - 5 potions of haste {unknown}
 z - 2 potions of ambrosia {unknown}
 C - 3 potions of magic {unknown}
 F - 3 potions of degeneration {unknown}
 J - 2 potions of cancellation {unknown}
 L - a potion of mutation {unknown}
Miscellaneous
 D - a lightning rod (4/4)


   Skills:
 + Level 2.9 Fighting
 + Level 8.6 Dodging
 + Level 9.7 Stealth
 + Level 15.1 Unarmed Combat
 - Level 2.0 Spellcasting
 - Level 5.0 Hexes
 * Level 6.2 Transmutations


You had 7 spell levels left.
You knew the following spells:

 Your Spells              Type           Power        Failure   Level
a - Beastly Appendage     Tmut           ###...       1%          1
b - Confusing Touch       Hex            ###.....     9%          3
c - Wereblood             Tmut           ###.....     2%          2

Your spell library contained the following spells:

 Spells                   Type           Power        Failure   Level
 Corona                   Hex            ###....      3%          1
 Slow                     Hex            ###.....     4%          2
 Tukima's Dance           Hex            ###.....     9%          3
 Ensorcelled Hibernation  Hex/Ice        #.....       13%         2
 Spider Form              Tmut/Pois      ##........   21%         3
 Magic Dart               Conj           #...         24%         1
 Dazzling Flash           Conj/Hex       #.....       26%         3
 Blink                    Tloc           N/A          34%         2
 Call Imp                 Summ           #.......     34%         2
 Blade Hands              Tmut           ###.......   45%         5
 Ice Form                 Ice/Tmut       ##......     54%         4
 Conjure Flame            Conj/Fire      #.......     56%         3
 Mephitic Cloud           Conj/Pois/Air  #.......     56%         3


Dungeon Overview and Level Annotations

Branches:
Dungeon (14/15)            Temple (1/1) D:5            Lair (0/6) D:10
    Orc (0/2) D:9          Bailey (visited)
 Vaults: D:13-14

Altars:
Ashenzari
Cheibriados
Dithmenos
Elyvilon
Fedhas
Gozag
Hepliaklqana
Kikubaaqudgha
Makhleb
Nemelex Xobeh
Okawaru
Qazlal
Ru
Sif Muna
Trog
Uskayaw
Vehumet
Wu Jian
Xom
Yredelemnul
Zin
Beogh

Shops:
D:5 [*(?

Annotations:
D:2 Terence
D:3 Grinder
D:4 ice beast
D:5 Menkaure
D:7 3 runed translucent doors, poml's ghost, novice OgHu
D:12 Jorgrun


Innate Abilities, Weirdness & Mutations

You cannot wear armour.
You are incapable of wielding weapons or throwing items.
Your paws allow you to move quietly. (Stealth)
You have sharp claws.
You have razor-sharp teeth.
You have supernaturally acute eyesight. (SInv)
You cover ground quickly.
You are covered in thick fur. (AC +2)
Your sharp claws are effective at attacking unaware monsters.


Message History

A wyvern comes into view.
A wizard comes into view. It is wielding a +0 dagger.
The wizard moves out of view.
The wizard shouts!
The wizard howls an incantation.
You feel disoriented.
The wizard points at you and mumbles some strange words.
You easily resist.
The wizard points at you and mumbles some strange words.
The bolt of cold hits you!
A scorpion comes into view.
The wizard casts a spell.
The wizard seems to speed up.
The wyvern hisses angrily.
You lunge at the wizard.
You mangle the wizard!!
The wizard is severely wounded.
The wizard casts a spell at you. The crystal spear hits you!!!
Ouch! That really hurt!
You die...

#### #. #... ###.#####
### #.## #........ ..#
#.# #.......# #.# #.#
##....s..# #.# #.#
.........# #.# #.#
#.......###.# #.#
#....p@.....########.#
#....l..###..........##
######### #............
#############


You could see a wizard (fast), a wyvern and a scorpion.

Vanquished Creatures
  2 two-headed ogres
  2 centaur warriors
  An unseen horror (D:12)
  2 ugly things
  2 gargoyles
  3 centaur skeletons
  2 trolls (D:9)
  A shadow (D:9)
  7 yaks
  3 vampire mosquitoes (D:12)
  4 wargs (D:9)
  A soldier ant (D:9)
  9 orc warriors
  A swamp drake (D:12)
  2 sky beasts
  A hornet zombie (D:12)
  A black bear (D:12)
  3 ice beasts
  6 ogres
  6 phantoms
  15 centaurs
  Blork the orc (D:5)
  3 big kobolds
  A wyvern zombie (D:9)
  3 bullfrogs
  6 scorpions
  5 killer bees (D:9)
  3 wights (D:7)
  3 howler monkeys
  A crimson imp (D:6)
  3 bullfrog zombies
  A quasit (D:7)
  5 hounds
  5 jellies
  2 orc priests
  Jessica (D:2)
  Ijyb (D:5)
  Natasha (thrice) (D:2)
  3 iguanas
  11 orc wizards
  8 worker ants
  A killer bee zombie (D:5)
  A worker ant zombie (D:5)
  17 adders
  10 gnolls
  3 shadow imps
  2 white imps
  5 ufetubi
  An ooze (D:4)
  3 adder skeletons
  4 worms
  2 dart slugs (D:1)
  9 leopard geckos
  33 orcs
  A ball python (D:1)
  14 bats
  5 giant cockroaches
  12 goblins
  9 hobgoblins
  16 jackals
  17 kobolds
  4 quokkas
  6 frilled lizards
  A jackal skeleton (D:6)
  A quokka zombie (D:7)
  18 rats
338 creatures vanquished.

Vanquished Creatures (others)
  A fungus (D:12)
  A plant (D:12)
2 creatures vanquished.

Grand Total: 340 creatures vanquished

Notes
Turn   | Place    | Note
-------+----------+-------------------------------------------
     0 | D:1      | lyrin the Felid Transmuter began the quest for the Orb.
     0 | D:1      | Reached XP level 1. HP: 9/9 MP: 4/4
   335 | D:1      | Reached XP level 2. HP: 12/12 MP: 6/6
  1348 | D:1      | Reached XP level 3. HP: 14/15 MP: 5/7
  1455 | D:1      | Reached skill level 4 in Unarmed Combat
  1518 | D:2      | Noticed Natasha
  1646 | D:2      | Found a sacrificial altar of Ru.
  1650 | D:2      | Noticed Jessica
  1767 | D:2      | Killed Jessica
  1768 | D:2      | Reached XP level 4. HP: 5/19 MP: 6/8
  2057 | D:2      | Killed Natasha
  2279 | D:2      | Noticed Terence
  2282 | D:2      | Reached skill level 5 in Unarmed Combat
  2405 | D:2      | Noticed Natasha
  2410 | D:2      | Killed Natasha
  2411 | D:2      | Reached XP level 5. HP: 22/22 MP: 7/9
  2605 | D:2      | Noticed Natasha
  2869 | D:2      | Killed from afar by Natasha
  2870 | D:2      | Reached XP level 4. HP: -1/19 MP: 8/8
  2896 | D:2      | Killed Natasha
  3293 | D:2      | Learned a level 3 spell: Confusing Touch
  3575 | D:3      | Noticed Grinder
  3644 | D:3      | Reached XP level 5. HP: 17/22 MP: 7/9
  3794 | D:3      | Reached skill level 1 in Stealth
  3802 | D:3      | Reached skill level 6 in Unarmed Combat
  3849 | D:3      | Reached skill level 1 in Hexes
  4509 | D:4      | Gained mutation: You are covered in thick fur. (AC +2)
                  | [Felid growth]
  4509 | D:4      | Reached XP level 6. HP: 13/25 MP: 8/10
  4635 | D:4      | HP: 1/25 [worm (3)]
  5457 | D:4      | Found an opulent altar of Gozag.
  5622 | D:5      | Entered Level 5 of the Dungeon
  5635 | D:5      | Found a staircase to the Ecumenical Temple.
  5638 | D:5      | Noticed an ice beast
  5658 | D:5      | Found a stormy altar of Qazlal.
  5851 | D:5      | Found Niqiunil's Antique Armour Shop.
  6051 | Temple   | Entered the Ecumenical Temple
  6233 | Temple   | Became a worshipper of the Wu Jian Council
  6339 | D:5      | Noticed a fire elemental
  6341 | D:5      | Noticed a water elemental
  6342 | D:5      | Noticed an air elemental
  6373 | D:5      | Noticed Ijyb
  6404 | D:5      | Noticed Menkaure
  6448 | D:5      | Killed Ijyb
  6449 | D:5      | Reached skill level 7 in Unarmed Combat
  6508 | D:5      | Reached XP level 7. HP: 19/30 MP: 11/11
  6510 | D:5      | Noticed Blork the orc
  6527 | D:5      | Killed Blork the orc
  6792 | D:5      | Found Koradir's Magic Scroll Shoppe.
  6895 | D:5      | Found Voliump's Assorted Antiques.
  7026 | Temple   | Reached skill level 8 in Unarmed Combat
  7444 | D:5      | Reached XP level 8. HP: 33/33 MP: 12/12
  7691 | D:5      | Found Piliv's Antique Weapon Boutique.
  8033 | D:6      | Reached * piety under Wu Jian
  8038 | D:6      | Reached skill level 9 in Unarmed Combat
  8041 | D:6      | Found a shimmering blue altar of Sif Muna.
  8442 | D:6      | Found a burning altar of Makhleb.
  8443 | D:6      | Found a radiant altar of Vehumet.
  8651 | D:7      | Found a runed translucent gate.
  8654 | D:7      | Reached skill level 5 in Hexes
  8654 | D:7      | Found a runed translucent gate.
  8656 | D:7      | Noticed poml's ghost (novice OgHu)
  8685 | D:7      | Found a runed translucent gate.
  8692 | D:7      | Found a roughly hewn altar of Beogh.
  8959 | D:7      | Reached skill level 10 in Unarmed Combat
  9107 | D:7      | Reached ** piety under Wu Jian
  9108 | D:7      | Reached skill level 5 in Dodging
  9111 | D:7      | Reached XP level 9. HP: 36/36 MP: 13/13
  9328 | D:7      | Identified the +4 ring mail of the Untouchables {Str+3}
  9880 | D:8      | Noticed a two-headed ogre
  9885 | D:8      | Found a blossoming altar of Fedhas.
 10627 | D:7      | Reached skill level 11 in Unarmed Combat
 11005 | D:8      | Killed a two-headed ogre
 11006 | D:8      | Reached skill level 5 in Stealth
 11006 | D:8      | Reached skill level 12 in Unarmed Combat
 11057 | D:8      | Found an ancient bone altar of Kikubaaqudgha.
 11276 | D:8      | Found a snail-covered altar of Cheibriados.
 11279 | D:8      | Found a basalt altar of Yredelemnul.
 11607 | D:9      | Reached XP level 10. HP: 40/40 MP: 12/14
 11850 | D:9      | Learned a level 2 spell: Wereblood
 12352 | D:9      | Reached *** piety under Wu Jian
 12587 | D:9      | Noticed a centaur warrior
 13130 | D:9      | Reached skill level 13 in Unarmed Combat
 13910 | D:9      | Found a shimmering blue altar of Sif Muna.
 13911 | D:9      | Found a staircase to the Orcish Mines.
 14707 | D:9      | Found a shimmering blue altar of Sif Muna.
 14718 | D:9      | Found a staircase to the Orcish Mines.
 14924 | D:9      | Killed a centaur warrior
 15192 | D:10     | Entered Level 10 of the Dungeon
 15217 | D:10     | Found a flagged portal.
 15224 | Bailey   | Entered a bailey
 15229 | Bailey   | Noticed an orc warlord
 15282 | Bailey   | Found a runed translucent gate.
 15283 | Bailey   | Found a runed translucent gate.
 15284 | Bailey   | Found a runed translucent gate.
 15854 | Bailey   | Noticed a red draconian
 15854 | Bailey   | an orc warlord changed into a red draconian
 15899 | Bailey   | Got a twisted scale mail
 16089 | D:9      | Reached skill level 14 in Unarmed Combat
 16374 | D:10     | Reached XP level 11. HP: 43/43 MP: 15/15
 17314 | D:10     | Found a staircase to the Lair.
 18589 | D:12     | Noticed an unseen horror
 18596 | D:12     | Killed an unseen horror
 18597 | D:12     | Reached skill level 5 in Transmutations
 18649 | D:12     | Noticed a purple ugly thing
 18660 | D:12     | Killed a purple ugly thing
 19051 | D:12     | Noticed Jorgrun
 19069 | D:12     | Mangled by Jorgrun
 19070 | D:12     | Reached XP level 10. HP: -7/41 MP: 9/14
 19097 | D:12     | HP: 1/41 [Jorgrun/iron shot (40)]
 19099 | D:12     | Demolished by Jorgrun
 19100 | D:12     | Reached XP level 9. HP: -21/37 MP: 11/13
 19116 | D:12     | You fall into a shaft and drop 2 floors!
 19117 | D:14     | Noticed a centaur warrior
 19123 | D:14     | Killed a centaur warrior
 19339 | D:13     | Reached XP level 10. HP: 41/41 MP: 14/14
 19361 | D:13     | Reached **** piety under Wu Jian
 19379 | D:13     | Noticed a cyan ugly thing
 19624 | D:13     | Killed a cyan ugly thing
 19644 | D:13     | Noticed a gargoyle
 19655 | D:13     | Killed a gargoyle
 19656 | D:13     | Reached skill level 15 in Unarmed Combat
 19748 | D:13     | Noticed a skeletal warrior
 19748 | D:13     | Noticed a skeletal warrior
 19748 | D:13     | Noticed a skeletal warrior
 19748 | D:13     | Noticed a skeletal warrior
 19775 | D:13     | Noticed a two-headed ogre
 19785 | D:13     | Killed a two-headed ogre
 20032 | D:13     | Noticed a wizard
 20038 | D:13     | Killed from afar by a wizard

Illustrated notes

Levels and vault maps discovered:
D:1:      minmay_arrival_stone_box, layout_basic, minmay_quantized
D:2:      layout_rooms, nicolae_ru_sacrificial_ziggurat, uniq_terence,
          uniq_natasha, uniq_jessica
D:3:      layout_rooms, uniq_grinder
D:4:      layout_basic, gup_sewer_entry_spiral, grunt_gozag_breadcrumbs
D:5:      layout_loops_corners, minmay_temple_entry_junction_2, serial_shops,
          shop, shop, shop, shop_coins, hangedman_decor_lopped,
          nicolae_qazlal_style_of_elements, uniq_menkaure, uniq_blork_the_orc,
          uniq_ijyb
D:6:      layout_rooms, grunt_temple_overflow_lords_of_destruction,
          general_overflow_altar
D:7:      minmay_slanted_spiral_squares, layout_rooms,
          biasface_ghost_orc_armoury, kennysheep_generic_room_8
D:8:      layout_cave_pools, nicolae_overflow_hidden_temple, basic_altar
D:9:      minmay_quarter_circles, layout_basic, minmay_orc_entry_guard_dogs,
          led_sif_book
D:10:     layout_cave_pools, lair_entry_dummy, enter_bailey_3,
          roderic_roman_lattice
D:11:     layout_irregular_city
D:12:     layout_rooms, pond, uniq_jorgrun
D:13:     layout_loops_ring, erik_vaults_1
D:14:     layout_rooms, chequers_serial_rivers_micro_a, minmay_fountain_box,
          uniq_roxanne
Temple:   regret_index_temple_generic_petals

Skill      XL: |  1  2  3  4  5  6  7  8  9 10 11 |
---------------+----------------------------------+-----
Dodging        | 3 4 5 6 7 8 |  8.6
Unarmed Combat | 4 5 6 7 8 10 12 15 | 15.1
Stealth        | 1 2 3 4 9 7 8 |  9.7
Hexes          | 1 2 3 5 |  5.0
Fighting       | 2 |  2.9
Transmutations | 3 6 5 |  6.2
Spellcasting   | |  2.0

Action                   |  1- 3 |  4- 6 |  7- 9 | 10-12 || total
-------------------------+-------+-------+-------+-------++-------
Melee: Unarmed           |   119 |   285 |   390 |   467 ||  1261
       Bite              |     8 |    24 |    35 |    46 ||   113
       Headbutt          |     9 |    18 |    13 |    23 ||    63
       Punch             |     1 |     3 |    11 |    33 ||    48
 Cast: Beastly Appendage |    10 |    22 |    13 |    13 ||    58
       Confusing Touch   |       |       |     5 |    17 ||    22
       Wereblood         |       |       |       |     1 ||     1
Invok: Lunge             |       |     3 |    29 |    42 ||    74
       Whirlwind         |       |       |     6 |    31 ||    37
       Serpent's Lash    |       |       |       |     4 ||     4
Evoke: Wand              |       |       |     4 |     8 ||    12
  Use: Potion            |     1 |       |     5 |       ||     6
       Scroll            |       |       |     6 |     7 ||    13
 Stab: Sleeping          |     2 |     6 |    11 |    17 ||    36
       Invisible         |       |       |     3 |       ||     3
       Confused          |       |       |     3 |     9 ||    12
       Distracted        |       |       |     1 |     5 ||     6
Armor: Skin              |     6 |    25 |    46 |    37 ||   114
Dodge: Dodged            |   101 |   220 |   285 |   409 ||  1015

Table legend: (Time is in decaauts)
 A = Elapsed time spent in this place.
 B = Non-inter-level travel time spent in this place.
 C = Inter-level travel time spent in this place.
 D = Time resting spent in this place.
 E = Time spent auto-exploring this place.
 F = Levels seen in this place.
 G = Mean time per level.
                   A        B        C        D        E       F      G
               +--------+--------+--------+--------+--------+-----+--------+
         Total |  18208 |  17877 |    331 |   8080 |   6268 |  16 | 1138.0 |
       Dungeon |  17115 |  16806 |    309 |   7519 |   6124 |  14 | 1222.5 |
        Temple |    450 |    429 |     21 |    269 |    139 |   1 |  450.0 |
        Bailey |    642 |    642 |      0 |    291 |      4 |   1 |  642.0 |
               +--------+--------+--------+--------+--------+-----+--------+

Top non-repeatable levels by time:
     D:9: 3560 daAuts
     D:1: 2234 daAuts
     D:7: 1524 daAuts
     D:8: 1467 daAuts
     D:4: 1290 daAuts
     D:5: 1274 daAuts
    D:11: 1111 daAuts
     D:3: 957 daAuts
     D:6: 922 daAuts
     D:2: 876 daAuts
    D:10: 713 daAuts
  Bailey: 642 daAuts
  Temple: 450 daAuts
    D:13: 441 daAuts
    D:14: 407 daAuts
